 Dungeon Crawl Stone Soup version 0.16-a0-2934-g71f8417 (webtiles) character file.

241 Kemay the Ducker (level 6, 0/41 HPs)
             Began as an Octopode Transmuter on Dec 3, 2014.
             Killed by divine providence
             ... invoked by an orc priest
              (15 damage)
             ... on level 4 of the Dungeon.
             The game lasted 00:15:45 (3174 turns).

Kemay the Ducker (Octopode Transmuter)              Turns: 3174, Time: 00:15:46

Health: 0/41       AC:  6    Str:  9    XL:     6   Next: 8%
Magic:  9/10       EV: 13    Int: 16    God:
Gold:   181        SH:  3    Dex: 14    Spells: 1 memorised, 8 levels left

rFire  . . .     SeeInvis .     q - +1 flail (protect)
rCold  . . .     Clarity  .     s - +0 buckler
rNeg   . . .     SustAb   .     (helmet restricted)
rPois  .         Gourm    .     (no amulet)
rElec  .         Spirit   .     (no ring)
rCorr  .         Warding  .     (no ring)
rMut   .         Stasis   .     (no ring)
MR     .....                    (no ring)
Stlth  ++........               (no ring)
                                (no ring)
                                (no ring)
                                (no ring)

@: appendage (expiring), not resistant to hostile enchantments, unstealthy
A: almost no armour, amphibious, 8 rings, constrict 8, tentacle spike 3,
camouflage 1, gelatinous body 1
a: End Transformation


You were on level 4 of the Dungeon.
You were not hungry.
One of your tentacles had a temporary spike.
You visited 1 branch of the dungeon, and saw 4 of its levels.

You collected 181 gold pieces.

Inventory:

Hand weapons
 g - a +2 hand axe of flaming
 i - a +1 short sword of holy wrath
 l - a +1 dagger of protection
 q - a +1 flail of protection (weapon)
Armour
 s - a +0 buckler (worn)
Jewellery
 j - an uncursed ring of fire
 o - an uncursed amulet of regeneration
Scrolls
 k - 3 scrolls of teleportation
 p - 2 scrolls of remove curse
Potions
 b - 2 potions of curing
 e - a potion of heal wounds {unknown}
 f - a potion of restore abilities {unknown}
 h - a potion of brilliance {unknown}
 m - a potion of flight {unknown}
 n - a potion of degeneration {unknown}
 v - 2 potions of invisibility {unknown}
Books
 d - a book of Changes

   Spells                             Type                      Level
   a - Beastly Appendage              Transmutation                1
   b - Sticks to Snakes               Transmutation                2
   c - Spider Form                    Transmutation/Poison         3
   d - Ice Form                       Ice/Transmutation            4
   e - Blade Hands                    Transmutation                5
Comestibles
 a - 4 bread rations
 c - 6 chunks of flesh
 r - 2 slices of pizza
 t - a beef jerky
 u - a meat ration


   Skills:
 + Level 2.5 Fighting
 - Level 5.0 Dodging
 + Level 3.9 Unarmed Combat
 - Level 2.0 Spellcasting
 - Level 2.0 Transmutations


You had 8 spell levels left.
You knew the following spells:

 Your Spells              Type           Power        Failure   Level  Hunger
a - Beastly Appendage     Trmt           #.....       12%         1    #......


Dungeon Overview and Level Annotations

Branches:
Dungeon (4/15)
 Temple: D:4-7

Altars:
Ashenzari
Gozag
Qazlal
Xom

Shops:
D:4 *


Innate Abilities, Weirdness & Mutations

You cannot wear most types of armour.
You are amphibious.
You can wear up to eight rings at the same time.
You can use your tentacles to constrict many enemies at once.
Your skin changes colour to match your surroundings (Stealth).
Your rubbery body absorbs attacks (AC +1).
One of your tentacles bears a large vicious spike.


Message History

You thump the orc wizard!
You kill the orc wizard!
You have reached level 6!
Your experience leads to an increase in your attributes!
Increase (S)trength, (I)ntelligence, or (D)exterity?
You feel agile.
Press: ? - help, v - describe, . - travel
Here: an orc, wearing a ring mail The floor.
Your transformation is almost over.
You hit the orc. You grab the orc.
You pierce the orc, but do no damage.
The orc is heavily wounded.
You constrict the orc, but do no damage.
The orc barely misses you. The orc hits you.
You hit the orc but do no damage.
The orc is heavily wounded.
You constrict the orc. You block the orc's attack.
The orc priest invokes the aid of Beogh against you.
Something smites you!
You die...

'...#......# ...
#+#####'##.#######....
####
.....#..........o.....
#...
.....#.................
#...
.....'....#...[.........
#...
.....#....#............
#...
.....###+##..........##
#...
...........###+###o### §
#...
...........#....@o##
§§§§##.#+#
...........#.....##
§§§§§ +..
...........#.....#
§§§§§§ #..
...........#....##
§§§§§§§##..
......)....+....#
§§######...
...........#....#
§8#_.......
...........#'##.#
§######...
#+####+##+##.#####
§§§§§§##..
#.............#..#
§§§§§§#...


You could see an orc priest and an orc.

Vanquished Creatures
  A hound (D:4)
  An orc wizard (D:4)
  3 adders
  3 gnolls (D:2)
  2 giant mites
  2 worms (D:2)
  An adder skeleton (D:4)
  3 giant geckos
  3 orcs (D:3)
  2 ball pythons
  4 giant cockroaches
  13 goblins
  13 hobgoblins
  9 jackals
  6 kobolds
  A quokka (D:3)
  12 bats
  6 giant newts
  9 rats
94 creatures vanquished.

Notes
Turn   | Place    | Note
--------------------------------------------------------------
     0 | D:1      | Kemay, the Octopode Transmuter, began the quest for the Orb.
     0 | D:1      | Reached XP level 1. HP: 13/13 MP: 3/3
   185 | D:1      | Reached XP level 2. HP: 18/18 MP: 4/4
   793 | D:2      | Reached XP level 3. HP: 23/23 MP: 6/6
  1210 | D:2      | Reached skill level 4 in Dodging
  1595 | D:2      | Reached XP level 4. HP: 20/28 MP: 5/7
  2184 | D:3      | Reached skill level 5 in Dodging
  2184 | D:3      | Reached XP level 5. HP: 27/33 MP: 7/9
  2493 | D:3      | Found a shattered altar of Ashenzari.
  2664 | D:4      | Found Gozag's Nutrition Petition.
  2666 | D:4      | Found an opulent altar of Gozag.
  3025 | D:4      | Found a shimmering altar of Xom.
  3052 | D:4      | Found a shimmering altar of Xom.
  3053 | D:4      | Found a shimmering altar of Xom.
  3110 | D:4      | Found a stormy altar of Qazlal.
  3171 | D:4      | Reached XP level 6. HP: 16/41 MP: 8/10
  3174 | D:4      | Killed from afar by an orc priest

Action                   |  1- 3 |  4- 6 || total
-------------------------+-------+-------++-------
Melee: Spear             |    33 |       ||    33
       Dagger            |    75 |    75 ||   150
       Flail             |       |    47 ||    47
 Cast: Beastly Appendage |    11 |    17 ||    28
  Use: Scroll            |     5 |     3 ||     8
 Stab: Sleeping          |     1 |     2 ||     3
  Eat: Chunk             |     2 |     6 ||     8
